 Dungeon Crawl Stone Soup version 0.25-a0-341-g6f074c887a (webtiles) character file.

Game seed: 3478463205827438655, levelgen mode: classic

659 Borgoz the Cudgeler (level 7, -6/44 HPs)
             Began as a Gargoyle Fighter on Dec 30, 2019.
             Mangled by an ogre
             ... wielding a +0 giant spiked club
              (9 damage)
             ... on level 4 of the Dungeon.
             The game lasted 00:03:28 (2748 turns).

Borgoz the Cudgeler (Gargoyle Fighter)              Turns: 2748, Time: 00:03:28

Health: -6/44      AC: 13    Str: 21    XL:     7   Next: 55%
Magic:  7/7        EV: 12    Int:  8    God:
Gold:   207        SH:  9    Dex: 15    Spells: 6/6 levels left

rFire    . . .     SeeInvis .   v - -3 flail (curse)
rCold    . . .     Gourm    .   c - +0 shield
rNeg     + . .     Faith    .   b - +0 scale mail
rPois    ∞         Spirit   .   s - +0 helmet
rElec    +         Reflect  .   (no cloak)
rCorr    .         Harm     .   (no gloves)
MR       .....                  (no boots)
Stlth    +.........             j - amulet of the acrobat
HPRegen  0.14/turn              (no ring)
MPRegen  0.10/turn              (no ring)

@: agile
A: negative energy resistance 1, electricity resistance, unbreathing,
petrification resistance, rot immunity, AC +4
a: no special abilities


You were on level 4 of the Dungeon.
You were hungry.

You visited 1 branch of the dungeon, and saw 6 of its levels.

You collected 207 gold pieces.

Inventory:

Hand Weapons
 a - a +0 flail
 v - a cursed -3 flail (weapon)
Armour
 b - a +0 scale mail (worn)
 c - a +0 shield (worn)
 s - a +0 helmet (worn)
Jewellery
 j - an amulet of the acrobat (around neck)
Wands
 n - a wand of scattershot (6)
 t - a wand of iceblast (9)
Scrolls
 d - a scroll of magic mapping {unknown}
 h - 3 scrolls of fear {unknown}
 l - 4 scrolls of remove curse {unknown}
 m - a scroll of identify {unknown}
 p - a scroll of teleportation {unknown}
Potions
 e - a potion of agility
 g - 3 potions of curing
 i - a potion of invisibility {unknown}
 k - a potion of ambrosia {unknown}
 o - a potion of haste {unknown}
 q - a potion of magic {unknown}
 r - a potion of brilliance {unknown}
 u - a potion of flight {unknown}
Comestibles
 f - 3 rations
 w - 8 chunks of flesh


   Skills:
 + Level 5.4 Fighting
 * Level 6.0 Maces & Flails
 + Level 5.4 Armour
 - Level 3.2 Shields


You had 6 spell levels left.
You didn't know any spells.
Your spell library was empty.

Dungeon Overview and Level Annotations

Branches:
Dungeon (6/15)
 Temple: D:4-7

Altars:
Qazlal

Annotations:
D:6 3 runed translucent doors, LostGamesStreakFreak's ghost, novice HOAK


Innate Abilities, Weirdness & Mutations

You are resistant to torment.
Your stone body is resilient. (AC +4)
You are immune to poison.
You resist negative energy. (rN+)
You are resistant to electric shocks. (rElec)
You can survive without breathing.
You are immune to petrification.
You are immune to rotting.


Message History

The orc priest is almost dead.
You block the orc priest's attack.
You closely miss the orc priest.
The orc priest is almost dead.
The orc priest hits you but does no damage.
You sock the orc priest!
You kill the orc priest!
Your Maces & Flails skill increases to level 6!
You hit the ogre.
The ogre is lightly wounded.
You block the ogre's attack.
Your shield and scale mail prevent you from hitting the ogre.
The ogre is lightly wounded.
The ogre hits you with a +0 giant spiked club!!
Ouch! That really hurt!
* * * LOW HITPOINT WARNING * * *
You sock the ogre!
The ogre is heavily wounded.
The ogre hits you with a +0 giant spiked club!
You die...

#..........# ###.####
#...)......# ####..##.
#..........# #......#.
#...o......# #....#...
#...o......# #....#)#.
####O#########....#.#.
##..######.......#.##
.#####..##..(...##....#.#
......o{O@.#######....#.#
.#..######## #....#.# ...
#####..# .. ... ###


You could see an ogre and an orc.

Vanquished Creatures
  2 ogres (D:4)
  A centaur (D:6)
  An orc priest (D:4)
  4 hounds
  2 orc wizards (D:2)
  An iguana (D:2)
  A worker ant (D:4)
  A hound skeleton (D:4)
  6 adders
  An ooze (D:2)
  A worm (D:4)
  3 dart slugs
  3 leopard geckos
  13 orcs
  10 bats
  2 giant cockroaches
  3 goblins
  6 hobgoblins
  2 jackals (D:2)
  2 quokkas
  2 frilled lizards (D:2)
  8 kobolds
  A leopard gecko skeleton (D:4)
  2 quokka skeletons
  5 rats
83 creatures vanquished.

Vanquished Creatures (others)
  An orc wizard (D:2)
  2 jackals (D:3)
3 creatures vanquished.

Grand Total: 86 creatures vanquished

Notes
Turn   | Place    | Note
-------+----------+-------------------------------------------
     0 | D:1      | Borgoz the Gargoyle Fighter began the quest for the Orb.
     0 | D:1      | Reached XP level 1. HP: 14/14 MP: 1/1
     0 | D:1      | Noticed a formicid
     0 | D:1      | Noticed a troll
     1 | D:1      | Noticed a formicid
     3 | D:1      | Noticed a gargoyle
     3 | D:1      | Noticed a formicid
     5 | D:1      | Noticed a ghoul
     6 | D:1      | Noticed a human
     7 | D:1      | Noticed a draconian
    10 | D:1      | Noticed a dwarf
    10 | D:1      | Noticed an elf
    12 | D:1      | Noticed a vine stalker
    14 | D:1      | Noticed a dwarf
    16 | D:1      | Noticed a formicid
    16 | D:1      | Noticed a ghoul
    18 | D:1      | Noticed a dwarf
   355 | D:1      | Reached XP level 2. HP: 19/19 MP: 2/2
   797 | D:2      | Reached XP level 3. HP: 3/23 MP: 3/3
  1096 | D:2      | Reached skill level 3 in Maces & Flails
  1142 | D:2      | Reached XP level 4. HP: 23/29 MP: 4/4
  1301 | D:2      | Reached XP level 5. HP: 30/33 MP: 5/5
  1435 | D:2      | Reached skill level 4 in Maces & Flails
  1957 | D:3      | You fall into a shaft and drop 3 floors!
  1980 | D:6      | Reached XP level 6. HP: 32/39 MP: 6/6
  2010 | D:6      | Found a stormy altar of Qazlal.
  2132 | D:6      | Found a runed translucent gate.
  2132 | D:6      | Found a runed translucent gate.
  2132 | D:6      | Found a runed translucent gate.
  2142 | D:6      | Reached skill level 5 in Maces & Flails
  2146 | D:6      | Noticed LostGamesStreakFreak's ghost (novice HOAK)
  2374 | D:5      | Entered Level 5 of the Dungeon
  2475 | D:4      | Reached skill level 5 in Fighting
  2475 | D:4      | Reached skill level 5 in Armour
  2475 | D:4      | Reached XP level 7. HP: 21/44 MP: 7/7
  2745 | D:4      | Reached skill level 6 in Maces & Flails
  2748 | D:4      | Mangled by an ogre

Levels and vault maps discovered:
D:1:      shiori_arrival_whats_in_store_for_you, layout_basic
D:2:      layout_basic, minmay_tetromino_l4
D:3:      layout_loops_ring, lemuel_coloured_pillars_altar, fiery_altar_vehumet,
          minmay_fractal_squares_5
D:4:      layout_rooms
D:5:      cheibrodos_helix_gallery, layout_basic, minmay_temple_entry_statues,
          first_ration
D:6:      layout_basic, nicolae_overflow_crystal_walls,
          ebering_ghost_rock_garden

Skill      XL: |  1  2  3  4  5  6  7 |
---------------+----------------------+-----
Maces & Flails | 3 4 5 6 |  6.0
Fighting       | 4 5 |  5.4
Armour         | 4 5 |  5.4
Shields        | |  3.2

Action                   |  1- 3 |  4- 6 |  7- 9 || total
-------------------------+-------+-------+-------++-------
Melee: Flail             |   113 |   193 |    54 ||   360
  Use: Potion            |       |     3 |     1 ||     4
  Eat: Chunk             |     1 |     5 |       ||     6
Armor: Scale mail        |    84 |    94 |    15 ||   193
Dodge: Dodged            |    46 |    53 |    18 ||   117
Block: Shield            |    64 |   105 |    24 ||   193

Table legend:
 A = Non-vault XP
 B = Vault XP
 C = Vault XP percentage of total XP
 D = Non-vault monster count
 E = Vault monster count
 F = Vault count percentage of total count
                 A         B        C        D         E       F
            +---------+---------+-------+---------+---------+-------
      Total |     916 |      26 |   2.8 |      75 |       8 |   9.6
            +---------+---------+-------+---------+---------+-------
        D:1 |      16 |       0 |   0.0 |       9 |       0 |   0.0
        D:2 |     195 |       5 |   2.5 |      27 |       3 |  10.0
        D:3 |      44 |      21 |  32.3 |      18 |       5 |  21.7
        D:4 |     384 |       0 |   0.0 |      11 |       0 |   0.0
        D:5 |      47 |       0 |   0.0 |       3 |       0 |   0.0
        D:6 |     230 |       0 |   0.0 |       7 |       0 |   0.0
            +---------+---------+-------+---------+---------+-------
